 Dungeon Crawl Stone Soup version 0.28.0-45-g0d030f2227 (webtiles) character file.

Game seed: 7831800078311251869

65 McKennaii the Conjurer (level 3, 0/24 HPs)
             Began as a Demonspawn Conjurer on Apr 14, 2022.
             Slain by a gnoll
             ... wielding a +0 vorpal spear
              (2 damage)
             ... on level 2 of the Dungeon.
             The game lasted 00:01:18 (1700 turns).

McKennaii the Conjurer (Demonspawn Conjurer)        Turns: 1700, Time: 00:01:18

Health: 0/24       AC:  4    Str: 12    XL:     3   Next: 92%
Magic:  0/7        EV: 12    Int: 21    God:
Gold:   38         SH:  0    Dex:  9    Spells: 7/8 levels left

rFire   . . .      SeeInvis .   (no weapon)
rCold   . . .      Faith    .   (no shield)
rNeg    . . .      Spirit   .   a - +0 robe
rPois   .          Reflect  .   (no helmet)
rElec   .          Harm     .   (no cloak)
rCorr   .          Rampage  .   (no gloves)
Will    ++...                   (no boots)
Stlth   ++........              h - amulet "Ziagrem" {Acrobat Will++ Str+5 Dex-2}
HPRegen 0.08/turn               (no ring)
MPRegen 0.10/turn               (no ring)

@: no status effects
A: hooves 1, yellow scales 1
a: no special abilities


You were on level 2 of the Dungeon.
You visited 1 branch of the dungeon, and saw 2 of its levels.

You collected 38 gold pieces.

Inventory:

Armour
 a - a +0 robe (worn)
Jewellery
 g - a +6 ring of strength
 h - the amulet "Ziagrem" (around neck) {Acrobat Will++ Str+5 Dex-2}
   (You found it on level 2 of the Dungeon)

   [amulet of the acrobat]

   It increases your evasion while moving and waiting.
   Str:       It affects your strength (+5).
   Dex:       It affects your dexterity (-2).
   Will:      It greatly increases your willpower.
Scrolls
 b - a scroll of torment {unknown}
 c - 3 scrolls of identify {unknown}
 d - 3 scrolls of teleportation {unknown}
Potions
 e - a potion of might {unknown}
 f - 3 potions of attraction {unknown}
 i - a potion of degeneration {unknown}


   Skills:
 - Level 1.7 Dodging
 - Level 1.7 Stealth
 + Level 3.1 Spellcasting
 + Level 4.8 Conjurations


You had 7 spell levels left.
You knew the following spells:

 Your Spells              Type           Power      Damage    Failure   Level
a - Magic Dart            Conj           92%        1d7       1%          1

Your spell library contained the following spells:

 Spells                   Type           Power      Damage    Failure   Level
 Searing Ray              Conj           46%        2d6       2%          2
 Slow                     Hex            12%        N/A       13%         1
 Dazzling Flash           Conj/Hex       26%        N/A       14%         3
 Confusing Touch          Hex            3%         N/A       36%         3
 Vampiric Draining        Necr           3%         2d6       36%         3
 Fulminant Prism          Conj/Hex       6%         3d7       43%         4
 Iskenderun's Mystic Bla  Conj/Tloc      13%        2d5       43%         4


Dungeon Overview and Level Annotations

Branches:
Dungeon (2/15)

Altars:


Innate Abilities, Weirdness & Mutations

You have large cloven feet.
You are partially covered in yellow scales. (AC +2)


Message History

There are monsters nearby!
The magic dart hits the gnoll.
You kill the gnoll!
The magic dart hits the gnoll.
The gnoll is lightly wounded.
The gnoll hits you from afar with a +0 vorpal spear.
There are monsters nearby!
The magic dart hits the gnoll.
The gnoll is lightly wounded.
The gnoll hits you but does no damage.
The gnoll hits you from afar with a +0 spear.
There are monsters nearby!
You are too depleted to draw on your mana recklessly!
There are monsters nearby!
You are too depleted to draw on your mana recklessly!
Casting: Magic Dart (safe; 1% risk of failure)
Confirm with . or Enter, or press ? or * to list all spells.
You don't know that spell.
Sorry, you're not good enough to have a special ability.
Unknown command.
Unknown command.
Casting: Magic Dart (safe; 1% risk of failure)
Confirm with . or Enter, or press ? or * to list all spells.
Aiming: Magic Dart (safe; 1% risk of failure)
Press: ? - help, Shift-Dir - straight line, f/p - gnoll
Aim: a gnoll, wielding a +0 vorpal spear (lightly wounded, 100% to hit)
The magic dart hits the gnoll.
The gnoll is moderately wounded.
The gnoll hits you from afar with a +0 vorpal spear!
* * * LOW HITPOINT WARNING * * *
x2
Casting: Magic Dart (safe; 1% risk of failure)
Confirm with . or Enter, or press ? or * to list all spells.
Aiming: Magic Dart (safe; 1% risk of failure)
Press: ? - help, Shift-Dir - straight line, f/p - gnoll
Aim: a gnoll, wielding a +0 vorpal spear (moderately wounded, 100% to hit)
The magic dart hits the gnoll.
The gnoll is moderately wounded.
The gnoll hits you from afar with a +0 vorpal spear.
* * * LOW HITPOINT WARNING * * *
You die...

########### #.........#
######### #####......)..#
........###...#.........####
..............'.............
###...#.###...#.........#
#.#.#.# #...#.........####
#.#####.#.#.#############.......
#>.............@.gg.............
#######.#.###.###########.......
#.#.....##### #....... ##
#.####..#...# #.)..... .. #.#
#..#.#.#######......( #.######.#
#....#.##............ #......).#
#.####.##.......##### #.†#######
#.####.##.......# #..#####
#......##.......#####


You could see 2 gnolls.

Vanquished Creatures
  3 gnolls (D:2)
  A worm (D:2)
  A ball python (D:1)
  4 bats
  4 endoplasms (D:1)
  2 hobgoblins (D:2)
  3 quokkas
  5 goblins
  4 kobolds
  4 rats
31 creatures vanquished.

Notes
Turn   | Place    | Note
-------+----------+-------------------------------------------
     0 | D:1      | McKennaii the Demonspawn Conjurer began the quest for the
                  | Orb.
     0 | D:1      | Reached XP level 1. HP: 13/13 MP: 3/3
   599 | D:1      | Gained mutation: You have large cloven feet. [demonic
                  | ancestry]
   599 | D:1      | Reached XP level 2. HP: 19/19 MP: 3/5
  1222 | D:2      | Found a faded altar of an unknown god.
  1285 | D:2      | Gained mutation: You are partially covered in yellow
                  | scales. (AC +2) [demonic ancestry]
  1285 | D:2      | Reached XP level 3. HP: 14/24 MP: 0/7
  1505 | D:2      | Identified the amulet "Ziagrem" {Acrobat Will++ Str+5
                  | Dex-2}
  1700 | D:2      | Slain by a gnoll

Illustrated notes

Levels and vault maps discovered:
D:1:      saegor_arrival_simple_b, layout_rooms
D:2:      layout_basic, chequers_ecumenical_altar_island

Skill      XL: |  1  2  3 |
---------------+----------+-----
Spellcasting   | 3 |  3.1
Dodging        | |  1.7
Stealth        | |  1.7
Conjurations   | |  4.8

Action                   || total
-------------------------++-------
Melee: Unarmed           ||    15
       Kick              ||     4
 Cast: Magic Dart        ||    73
Armor: Robe              ||     4
Dodge: Dodged            ||    13
